 Dungeon Crawl Stone Soup version 0.28-a0-1117-g0bdd5ba030 (webtiles) character file.

Game seed: 10882623958975399517

1232 wakim the Fighter (level 8, -3/74 HPs)
             Began as a Ghoul Fighter on Dec 11, 2021.
             Was an Initiate of Yredelemnul.
             Slain by an orc warrior (10 damage)
             ... on level 6 of the Dungeon.
             The game lasted 00:16:02 (7412 turns).

wakim the Fighter (Ghoul Fighter)                   Turns: 7412, Time: 00:16:02

Health: -3/74      AC:  8    Str: 20    XL:     8   Next: 48%
Magic:  0/10       EV:  7    Int:  7    God:    Yredelemnul [......]
Gold:   306        SH:  5    Dex: 14    Spells: 7/7 levels left

rFire   . . .      SeeInvis +     - Unarmed
rCold   + . .      Faith    .   c - +0 buckler
rNeg    + + +      Spirit   +   i - +0 chain mail
rPois   ∞          Reflect  .   (no helmet)
rElec   .          Harm     .   (no cloak)
rCorr   .          Rampage  .   (no gloves)
Will    .....                   (no boots)
Stlth   ..........              k - amulet "Ulo Feby" {Spirit +Inv Int+2 Slay+5}
HPRegen 0.00/turn               e - +6 ring of dexterity
MPRegen 0.12/turn               f - ring of see invisible

@: inhibited regen
A: claws 1, cold resistance 1, negative energy resistance 3, inhibited
regeneration, torment resistance 2
a: Renounce Religion, Evoke Invisibility, Recall Undead Harvest


You were on level 6 of the Dungeon.
You worshipped Yredelemnul.
Yredelemnul was noncommittal.
You visited 2 branches of the dungeon, and saw 7 of its levels.

You collected 306 gold pieces.

Inventory:

Hand Weapons
 b - a +0 hunting sling
Missiles
 d - 5 javelins (quivered)
 h - 45 sling bullets
Armour
 c - a +0 buckler (worn)
 i - a +0 chain mail (worn)
Jewellery
 a - an amulet of faith
 e - a +6 ring of dexterity (left claw)
 f - a ring of see invisible (right claw)
 k - the amulet "Ulo Feby" (around neck) {Spirit +Inv Int+2 Slay+5}
   (You found it on level 6 of the Dungeon)

   [amulet of guardian spirit]

   It causes incoming damage to be divided between your reserves of health and
   magic.
   Int:       It affects your intelligence (+2).
   Slay:      It affects your accuracy & damage with ranged weapons and melee
   (+5).
   +Inv:      It lets you turn invisible.
Scrolls
 j - 2 scrolls of magic mapping {unknown}
Potions
 g - a potion of haste {unknown}
 B - a potion of attraction {!q}
 E - a potion of cancellation
 K - a potion of magic
 N - 2 potions of might


   Skills:
 + Level 8.0 Fighting
 - Level 2.6 Armour
 - Level 4.0 Shields
 - Level 5.4 Unarmed Combat
 - Level 5.0 Invocations


You had 7 spell levels left.
You didn't know any spells.
Your spell library contained the following spells:

 Spells                   Type           Power      Damage    Failure   Level
 Static Discharge         Conj/Air       0%         N/A       100%        2
 Portal Projectile        Hex/Tloc       0%         N/A       100%        3
 Dispel Undead            Necr           0%         3d6       100%        4
 Sticky Flame             Conj/Fire      0%         2d3       100%        4
 Excruciating Wounds      Necr           0%         N/A       100%        5
 Blade Hands              Tmut           Unusable   N/A       N/A         5

Dungeon Overview and Level Annotations

Branches:
Dungeon (6/15)             Temple (1/1) D:4

Altars:
Ashenzari
Dithmenos
Elyvilon
Fedhas
Kikubaaqudgha
Okawaru
Ru
Sif Muna
Uskayaw
Wu Jian
Yredelemnul

Annotations:
D:4 dig
D:5 2h-Ogre


Innate Abilities, Weirdness & Mutations

You thrive by killing the living.
You are immune to poison.
You have sharp fingernails.
Your flesh is cold resistant. (rC+)
You are immune to negative energy. (rN+++)
You do not regenerate when monsters are visible.
You are immune to unholy pain and torment.


Message History

Your spectral white imp is destroyed!
The orc warrior hits your adder zombie with a +0 battleaxe!
Your adder zombie barely misses the orc warrior.
Your Fighting skill increases to level 8!
You completely miss the orc. The orc hits you but does no damage. x2
The orc warrior barely misses you.
The orc warrior hits your adder zombie with a +0 battleaxe!
Your adder zombie is destroyed!
You scratch the orc.
The orc is moderately wounded.
The orc hits you from afar with a +0 trident.
The orc hits you with a +1 short sword of holy wrath.
You convulse.
The orc warrior hits you with a +0 battleaxe!
* * * LOW HITPOINT WARNING * * *
You claw the orc!
You kill the orc!
A black mist starts to gather...
Your orc priest zombie barely misses the orc.
The orc hits you but does no damage.
The orc warrior hits you with a +0 battleaxe!
* * * LOW HITPOINT WARNING * * *
You block the orc's attack.
Your orc priest zombie barely misses the orc.
The orc zaps a wand.
The puff of flame hits you.
* * * LOW HITPOINT WARNING * * *
Your orc priest zombie hits the orc but does no damage.
Something closely misses the orc.
There is an open door here.
There is an open door here.
Okay, then.
Okay, then.
The orc zaps a wand.
The puff of flame hits you!
* * * LOW HITPOINT WARNING * * *
There is an escape hatch in the ceiling here.
The orc warrior hits you with a +0 battleaxe!
You die...
Yredelemnul claims you as an undead slave.

..###...##.......#####
..###...#.....#+##...####+###
....#...#.....#..............
....#...#.....#...<..........
....#...#.....#.......[>.....
....'...#.....#..............
....#...#.....#..............
....#...#.....#..............
....#...#.....#.@o...........
.####...#....Z###.....#########
#####...###.....#...o.###.....###
..........#.....'.......>......).
..........#.....#................
..........'.....#................
.###...##.#.....######'####'#####
.###...##.###...... ..... #....##
..#.........#............ #......


You could see an orc warrior (drained) and an orc.

Vanquished Creatures
  An ogre (D:4)
  A phantom (D:6)
  3 bullfrogs
  5 scorpions
  A water moccasin skeleton (D:6)
  A bullfrog skeleton (D:6)
  A hound (D:4)
  2 orc priests (D:6)
  Jessica (D:2)
  Ijyb (D:4)
  Terence (D:2)
  An iguana (D:4)
  2 orc wizards
  A hound skeleton (D:4)
  4 gnolls
  7 adders
  A howler monkey skeleton (D:4)
  A white imp (D:6)
  An ufetubus (D:4)
  2 worms
  A dart slug (D:3)
  10 orcs
  2 endoplasms
  5 giant cockroaches
  4 goblins
  5 hobgoblins
  9 jackals
  3 quokkas
  6 ball pythons
  3 bats
  5 frilled lizards
  8 kobolds
  8 rats
107 creatures vanquished.

Vanquished Creatures (collateral kills)
  A jelly (D:6)
  An adder (D:4)
  An orc (D:4)
3 creatures vanquished.

Vanquished Creatures (others)
  2 adder zombies (D:6)
  A spectral white imp (D:6)
  5 orc zombies
8 creatures vanquished.

Grand Total: 118 creatures vanquished

Notes
Turn   | Place    | Note
-------+----------+-------------------------------------------
     0 | D:1      | wakim the Ghoul Fighter began the quest for the Orb.
     0 | D:1      | Reached XP level 1. HP: 19/19 MP: 0/0
   335 | D:1      | Reached XP level 2. HP: 26/26 MP: 1/1
   933 | D:1      | Reached XP level 3. HP: 33/33 MP: 2/2
  1102 | D:2      | Noticed Jessica
  1370 | D:2      | Killed Jessica
  1371 | D:2      | Reached skill level 4 in Fighting
  1371 | D:2      | Reached XP level 4. HP: 40/40 MP: 3/3
  2593 | D:3      | Noticed Terence
  2624 | D:2      | Killed Terence
  2625 | D:2      | Reached XP level 5. HP: 8/47 MP: 4/4
  2947 | D:3      | Reached skill level 5 in Unarmed Combat
  3599 | D:3      | Reached XP level 6. HP: 30/55 MP: 5/5
  3774 | D:4      | Reached skill level 5 in Fighting
  3966 | D:4      | Found a staircase to the Ecumenical Temple.
  3971 | Temple   | Entered the Ecumenical Temple
  3988 | Temple   | Became a worshipper of Yredelemnul the Dark
  4049 | D:4      | Reached XP level 7. HP: 61/61 MP: 6/6
  4280 | D:4      | Reached skill level 6 in Fighting
  4327 | D:4      | Reached * piety under Yredelemnul
  4885 | D:5      | Entered Level 5 of the Dungeon
  5106 | D:5      | Noticed a two-headed ogre
  5123 | D:5      | Reached skill level 1 in Invocations
  5128 | D:5      | HP: 1/64 [ufetubus (4)]
  5135 | D:4      | HP: 2/64 [ufetubus (4)]
  5630 | D:5      | Noticed Ijyb
  5835 | D:4      | Killed Ijyb
  6169 | D:5      | Found a shadowy altar of Dithmenos.
  6173 | D:5      | Found a hide-covered altar of Uskayaw.
  6853 | D:6      | Reached skill level 7 in Fighting
  6853 | D:6      | Reached XP level 8. HP: 55/73 MP: 9/9
  7155 | D:6      | Reached skill level 5 in Invocations
  7338 | D:6      | Identified the amulet "Ulo Feby" {Spirit +Inv Int+2 Slay+5}
  7388 | D:6      | Reached skill level 8 in Fighting
  7412 | D:6      | Slain by an orc warrior

Illustrated notes

Levels and vault maps discovered:
D:1:      dpeg_arrival_arbitrary_a, layout_basic, chequers_garden,
          minmay_pentomino_r4
D:2:      layout_basic, minmay_diced_spiral, uniq_jessica
D:3:      layout_loops_cross, uniq_terence
D:4:      layout_gridville, minmay_temple_entry_trees, serial_glass,
          glass_columns_a, glass_columns_b, glass_columns_b, glass_columns_a,
          glass_columns_a, glass_columns_c, glass_columns_c, glass_columns_b,
          glass_columns_c, glass_columns_c, glass_columns_c, glass_columns_c,
          glass_columns_a, glass_columns_a, due_unseen_surprise
D:5:      layout_gridville, minmay_overflow_temple_star_quad, uniq_ijyb
D:6:      layout_gridville, hangedman_decor_clover_reticule
Temple:   eino_temple_rhombus

Skill      XL: |  1  2  3  4  5  6  7  8 |
---------------+-------------------------+-----
Unarmed Combat | 3 4 5 |  5.4
Fighting       | 4 5 7 8 |  8.0
Shields        | 3 4 |  4.0
Invocations    | 3 5 |  5.0
Armour         | |  2.6

Action                   |  1- 3 |  4- 6 |  7- 9 || total
-------------------------+-------+-------+-------++-------
Melee: Unarmed           |    81 |   139 |   173 ||   393
 Fire: Hunting sling     |    43 |    25 |     7 ||    75
Invok: Recall Undead Har |       |       |     2 ||     2
  Use: Scroll            |       |     3 |     6 ||     9
       Potion            |       |       |     2 ||     2
Armor: Scale mail        |    43 |    45 |    56 ||   144
       Chain mail        |       |       |    24 ||    24
Dodge: Dodged            |    44 |    54 |    78 ||   176
Block: Buckler           |    13 |    25 |    43 ||    81

Table legend: (Time is in decaauts)
 A = Elapsed time spent in this place.
 B = Non-inter-level travel time spent in this place.
 C = Inter-level travel time spent in this place.
 D = Time resting spent in this place.
 E = Time spent auto-exploring this place.
 F = Levels seen in this place.
 G = Mean time per level.
                   A        B        C        D        E       F      G
               +--------+--------+--------+--------+--------+-----+--------+
         Total |   7382 |   7063 |    319 |   1953 |   3843 |   7 | 1054.6 |
       Dungeon |   7353 |   7044 |    309 |   1953 |   3834 |   6 | 1225.5 |
        Temple |     29 |     19 |     10 |      0 |      9 |   1 |   29.0 |
               +--------+--------+--------+--------+--------+-----+--------+

Top non-repeatable levels by time:
     D:4: 2058 daAuts
     D:2: 1620 daAuts
     D:1: 1303 daAuts
     D:6: 873 daAuts
     D:3: 791 daAuts
     D:5: 707 daAuts
  Temple: 29 daAuts
